 Dungeon Crawl Stone Soup version 0.28-a0-410-gbef64dd269 (webtiles) character file.

Game seed: 10467942572050426070

3 avis the Grasshopper (level 1, 0/17 HPs)
             Began as a Barachi Warper on Sept 7, 2021.
             Slain by a gnoll (12 damage)
             ... on level 1 of the Dungeon.
             The game lasted 00:01:45 (361 turns).

avis the Grasshopper (Barachi Warper)                Turns: 361, Time: 00:01:46

Health: 0/17       AC:  3    Str: 12    XL:     1   Next: 50%
Magic:  3/3        EV: 11    Int: 13    God:
Gold:   23         SH:  0    Dex: 11    Spells: 4/4 levels left

rFire   . . .      SeeInvis .   b - +0 dagger (venom)
rCold   . . .      Faith    .   (no shield)
rNeg    . . .      Spirit   .   f - +0 leather armour
rPois   .          Reflect  .   (no helmet)
rElec   .          Harm     .   (no cloak)
rCorr   .          Rampage  .   (no gloves)
Will    .....                   (no boots)
Stlth   +.........              (no amulet)
HPRegen 0.05/turn               (no ring)
MPRegen 0.08/turn               (no ring)

@: slow
A: amphibious, slowness 1, strong legs 1, +LOS
a: Hop


You were on level 1 of the Dungeon.
You visited 1 branch of the dungeon, and saw 1 of its levels.

You collected 23 gold pieces.

Inventory:

Hand Weapons
 a - a +0 falchion
 b - a +0 dagger of venom (weapon)
Missiles
 d - 5 boomerangs of dispersal (quivered)
 e - 6 poisoned darts
Armour
 f - a +0 leather armour (worn)
 h - a +0 chain mail
Scrolls
 c - a scroll of blinking
 g - a scroll of torment {unknown}


   Skills:
 - Level 2.4 Fighting
 * Level 2.7 Long Blades
 - Level 1.0 Throwing
 - Level 1.2 Armour
 - Level 2.1 Dodging
 + Level 0.3 Stealth
 - Level 2.1 Spellcasting
 - Level 3.2 Translocations


You had 4 spell levels left.
You didn't know any spells.
Your spell library contained the following spells:

 Spells                   Type           Power      Damage    Failure   Level
 Blink                    Tloc           N/A        N/A       12%         2
 Gell's Gravitas          Tloc           4%         N/A       24%         3
 Lesser Beckoning         Tloc           9%         N/A       24%         3
 Teleport Other           Tloc           9%         N/A       24%         3
 Manifold Assault         Tloc           9%         N/A       92%         5


Dungeon Overview and Level Annotations

Branches:
Dungeon (1/15)

Altars:


Innate Abilities, Weirdness & Mutations

You are amphibious.
You cover ground slowly.
You can hop short distances.
You have an extended range of vision and can be seen from far away.


Message History

Found a chain mail.
You see here a +0 leather armour.
h - a +0 leather armour
Okay, then.
Drop what? 8/52 slots (_ for help) (? for menu, Esc to quit)
You drop a +0 leather armour.
You see here a +0 chain mail.
h - a +0 chain mail
Found a stone staircase leading down.
A bat comes into view.
The bat completely misses you. The bat hits you but does no damage.
Your leather armour prevents you from hitting the bat.
The bat misses you. The bat closely misses you.
The bat hits you but does no damage.
You barely miss the bat. The bat hits you but does no damage.
The bat misses you.
You closely miss the bat. The bat hits you but does no damage.
The bat barely misses you. The bat hits you but does no damage.
You closely miss the bat. The bat hits you.
The bat hits you but does no damage.
You closely miss the bat. The bat barely misses you. x2
Your leather armour prevents you from hitting the bat.
The bat closely misses you. The bat hits you but does no damage.
The bat misses you.
You hit the bat.
You kill the bat!
There is a stone staircase leading down here.
A gnoll comes into view. It is wielding a +0 flail.
The gnoll shouts!
Your +0 dagger of venom begins to drip with poison!
b - a +0 dagger of venom (weapon)
You hit the gnoll.
The gnoll is lightly wounded.
The gnoll hits you with a +0 flail.
You barely miss the gnoll.
The gnoll is lightly wounded.
The gnoll hits you with a +0 flail!
Ouch! That really hurt!
You die...

....#.###.# #...# ###.#.#
#.# #.#.# ###.#.# #.#
#.#.#
......###.######.#.#####.
###......................
....[.......####.#######.
............# #..#
............# #..######
###.........# #.@.....# #
#.............g.....# #
#..........##.......... #
#.......... #..#.###...
###.########. #..#.# #.
....# #..... ###.#
.....## # #.# #... . #
#.# ..#.


You could see a gnoll.

Vanquished Creatures
  A bat (D:1)
  An endoplasm (D:1)
  A goblin (D:1)
3 creatures vanquished.

Notes
Turn   | Place    | Note
-------+----------+-------------------------------------------
     0 | D:1      | avis the Barachi Warper began the quest for the Orb.
     0 | D:1      | Reached XP level 1. HP: 17/17 MP: 3/3
   227 | D:1      | Found a faded altar of an unknown god.
   361 | D:1      | Slain by a gnoll

Illustrated notes

Levels and vault maps discovered:
D:1:      scummos_arrival_simple_fountains, layout_basic, basic_ecumenical_altar

Action                   || total
-------------------------++-------
Melee: Falchion          ||    15
       Dagger            ||     2
Armor: Leather armour    ||     9
Dodge: Dodged            ||    11

Table legend: (Time is in decaauts)
 A = Elapsed time spent in this place.
 B = Non-inter-level travel time spent in this place.
 C = Inter-level travel time spent in this place.
 D = Time resting spent in this place.
 E = Time spent auto-exploring this place.
 F = Levels seen in this place.
 G = Mean time per level.
                   A        B        C        D        E       F      G
               +--------+--------+--------+--------+--------+-----+--------+
         Total |    395 |    395 |      0 |    162 |    155 |   1 |  395.0 |
       Dungeon |    395 |    395 |      0 |    162 |    155 |   1 |  395.0 |
               +--------+--------+--------+--------+--------+-----+--------+

Top non-repeatable levels by time:
     D:1: 395 daAuts
